 Dungeon Crawl Stone Soup version 0.14-a0-1192-g192f278 (webtiles) character file.

696 PolkaDot the Twirler (level 7, 0/49 (52) HPs)
             Began as a Vampire Gladiator on Nov 30, 2013.
             Slain by an orc
             ... wielding a +0,+0 orcish club
              (6 damage)
             ... on Level 5 of the Dungeon.
             The game lasted 00:11:43 (2969 turns).

PolkaDot the Twirler (Vampire Gladiator)            Turns: 2969, Time: 00:11:43

HP   0/49 (52)   AC  5     Str 14      XL: 7   Next:  4%
MP   7/7         EV 14     Int 10      God:
Gold 164         SH  0     Dex 15 (16) Spells:  0 memorised,  6 levels left

rFire  . . .     SeeInvis +     a - +0,+1 quarterstaff
rCold  . . .     Clarity  .     t - +1 elf leather armour {MR+}
rNeg   . . .     Conserve .     (no shield)
rPois  .         rCorr    .     (helmet restricted)
rElec  .         rRot     .     j - +0 cloak
SustAb + .       Spirit   .     (no gloves)
rMut   .         Warding  .     (no boots)
Saprov . . .     Stasis   .     (no amulet)
                                (no ring)
                                b - ring of sustain abilities

@: regenerating quickly, somewhat resistant to hostile enchantments, unstealthy
A: bottle blood, fangs 3, horns 1, talons 1, see invisible, unbreathing
a: Bottle Blood


You were on level 5 of the Dungeon.
You were very full.

You visited 1 branch of the dungeon, and saw 5 of its levels.

You collected 164 gold pieces.

Inventory:

Hand weapons
 a - a +0,+1 quarterstaff (weapon)
Missiles
 d - 3 throwing nets (quivered)
Armour
 j - a +0 cloak (worn)
 t - a +1 elven leather armour of magic resistance (worn)
Scrolls
 c - a scroll of recharging {unknown}
 f - a scroll of blinking
 g - a scroll of curse jewellery {unknown}
 i - 2 scrolls of fog {unknown}
 k - 3 scrolls of identify
 n - 2 scrolls of amnesia
Jewellery
 b - a ring of sustain abilities (left hand)
Potions
 e - 2 potions of restore abilities
 m - 3 potions of heal wounds
 q - a potion of brilliance


   Skills:
 - Level 2.5 Fighting
 * Level 5.5 Staves
 - Level 1.5 Throwing
 + Level 0.7 Armour
 - Level 5.1 Dodging


You had 6 spell levels left.
You didn't know any spells.

Dungeon Overview and Level Annotations

Branches:
Dungeon (5/16)
 Temple: D:4-7

Altars:
Trog


Innate Abilities, Weirdness & Mutations

Your natural rate of healing is unusually fast.
You can bottle blood from corpses.
You have razor-sharp teeth.*
You have supernaturally acute eyesight.
You can survive without breathing.*
You have a pair of small horns on your head.*
You have sharp toenails.*


Message History

* * * LOW HITPOINT WARNING * * *
The orc barely misses you. The orc hits you but does no damage.
You barely miss the orc. Your kick misses the orc. You headbutt the orc.
The orc is heavily wounded.
The orc barely misses you. The orc hits you but does no damage.
You barely miss the orc. You claw the orc. Your bite misses the orc.
The orc is almost dead.
The orc hits you.
* * * LOW HITPOINT WARNING * * *
The orc hits you with an orcish club.
* * * LOW HITPOINT WARNING * * *
The orc closely misses you.
You hit the orc.
You kill the orc!
The orc hits you with an orcish club.
* * * LOW HITPOINT WARNING * * *
The orc misses you.
You completely miss the orc. Your kick misses the orc.
The orc hits you with an orcish club.
You die...

######################
.......................
.........>..............
........................
........................
.......o.o...............
.......)@................
......###################
... .


You could see 2 orcs.

Vanquished Creatures
  A phantom (D:3)
  A giant frog (D:4)
  An orc priest (D:4)
  3 orc wizards
  3 worker ants
  4 adders
  A giant mite (D:3)
  6 worms
  4 giant geckos
  4 oozes
  12 orcs
  A ball python (D:3)
  11 bats
  4 giant cockroaches
  10 goblins
  12 hobgoblins
  9 kobolds
  7 giant newts
  4 jackals (D:3)
  10 rats
108 creatures vanquished.

Notes
Turn   | Place    | Note
--------------------------------------------------------------
     0 | D:1      | PolkaDot, the Vampire Gladiator, began the quest for the Orb.
     0 | D:1      | Reached XP level 1. HP: 17/17 MP: 1/1
    73 | D:1      | Reached XP level 2. HP: 20/23 MP: 2/2
   513 | D:2      | Reached XP level 3. HP: 28/28 MP: 3/3
  1089 | D:3      | Reached XP level 4. HP: 27/35 MP: 4/4
  1165 | D:3      | Noticed a phantom
  1214 | D:3      | Killed a phantom
  1214 | D:3      | Reached skill level 4 in Staves
  1214 | D:3      | Reached XP level 5. HP: 29/40 MP: 5/5
  1685 | D:3      | Reached XP level 6. HP: 37/46 MP: 6/6
  2035 | D:4      | Gained mutation: You are clumsy. (Dex -2) [potion of mutation]
  2035 | D:4      | Lost mutation: You are clumsy. (Dex -2) [potion of mutation]
  2043 | D:4      | Gained mutation: You have sharp toenails. [potion of mutation]
  2047 | D:4      | Paralysed by a potion of paralysis for 5 turns
  2291 | D:4      | Reached skill level 5 in Staves
  2366 | D:4      | Reached skill level 5 in Dodging
  2414 | D:4      | Gained mutation: You have a pair of small horns on your head. [potion of mutation]
  2820 | D:5      | Entered Level 5 of the Dungeon
  2845 | D:5      | Found a bloodstained altar of Trog.
  2965 | D:5      | Reached XP level 7. HP: 15/49 MP: 7/7
  2969 | D:5      | Slain by an orc

Action                   |  1- 3 |  4- 6 |  7- 9 || total
-------------------------+-------+-------+-------++-------
Melee: Quarterstaff      |   131 |   248 |     4 ||   383
  Use: Potion            |     1 |     6 |       ||     7
       Scroll            |       |     9 |       ||     9
 Stab: Sleeping          |       |     1 |       ||     1
